 Dungeon Crawl Stone Soup version 0.19-a0-1886-gd64a0f0 (webtiles) character file.

166 JeffiDaFish the Skirmisher (level 5, -2/47 HPs)
             Began as a Hill Orc Fighter on Oct 17, 2016.
             Was an Initiate of Beogh.
             Slain by an orc priest
             ... wielding a +0 flail
              (3 damage)
             ... on level 4 of the Dungeon.
             The game lasted 00:12:45 (3616 turns).

JeffiDaFish the Skirmisher (Hill Orc Fighter)       Turns: 3616, Time: 00:12:48

Health: -2/47      AC:  8    Str: 20    XL:     5   Next: 47%
Magic:  5/5        EV: 11    Int:  8    God:    Beogh [......]
Gold:   203        SH:  9    Dex: 10    Spells: 0 memorised, 4 levels left

rFire  . . .     SeeInvis .     a - +0 long sword
rCold  . . .     Gourm    .     b - +1 scale mail
rNeg   . . .     Faith    +     c - +0 shield
rPois  .         Spirit   .     (no helmet)
rElec  .         Dismiss  .     (no cloak)
rCorr  .         Reflect  .     (no gloves)
MR     .....     Harm     .     (no boots)
Stlth  ..........               e - amulet of faith
                                (no ring)
                                m - +3 ring of evasion

@: no status effects
A: no striking features
a: Renounce Religion


You were on level 4 of the Dungeon.
You worshipped Beogh.
Beogh was noncommittal.
You were not hungry.

You visited 1 branch of the dungeon, and saw 4 of its levels.

You collected 203 gold pieces.

Inventory:

Hand Weapons
 a - a +0 long sword (weapon)
Armour
 b - a +1 scale mail (worn)
 c - a +0 shield (worn)
 k - a cursed -2 ring mail
 q - a +0 helmet
Jewellery
 e - an amulet of faith (around neck)
 m - a +3 ring of evasion (left hand)
Wands
 i - a wand of enslavement (22/24)
Scrolls
 g - a scroll of recharging
 o - a scroll of enchant armour
 p - a scroll of amnesia {unknown}
Potions
 d - a potion of might
 j - a potion of magic
 l - a potion of curing
 n - a potion of flight {unknown}
Comestibles
 f - a bread ration
 h - a beef jerky


   Skills:
 + Level 4.6 Fighting
 + Level 3.1 Long Blades
 + Level 4.4 Armour
 * Level 1.2 Dodging
 + Level 4.1 Shields
 + Level 0.6 Evocations


You had 4 spell levels left.
You didn't know any spells.

Dungeon Overview and Level Annotations

Branches:
Dungeon (4/15)
 Temple: D:4-7

Altars:


Message History

You are too injured to fight recklessly!
You are too injured to fight recklessly!
You are too injured to fight recklessly!
You are too injured to fight recklessly!
You are too injured to fight recklessly!
You are too injured to fight recklessly!
You are too injured to fight recklessly!
You hit the orc priest.
The orc priest is severely wounded.
The orc priest barely misses you.
You riposte.
You hit the orc priest but do no damage.
The orc priest is severely wounded.
You barely miss the orc priest.
The orc priest is severely wounded.
The orc priest calls down the wrath of Beogh upon you.
Beogh smites you!
* * * LOW HITPOINT WARNING * * *
The orc priest hits you with a flail.
You die...
Beogh appreciates the orc priest's killing of a heretic priest.

..........###.....##.###
..........+.............
.......(..###.....##.###
..........# #.....##.#..
........(.###.....##.#..
######.#...............
#(#............#..
#.#............###
#@#............#
#o############## #o# #o.
#.. #... #... #....


You could see 2 orc priests and an orc.

Vanquished Creatures
  7 adders
  5 worms
  2 dart slugs
  2 leopard geckos (D:1)
  5 orcs
  6 giant cockroaches
  8 goblins
  9 hobgoblins
  4 jackals (D:1)
  7 kobolds
  A quokka (D:3)
  A ball python (D:2)
  7 bats
  6 frilled lizards
  A quokka skeleton (D:4)
  8 rats
79 creatures vanquished.

Vanquished Creatures (others)
  An orc (D:4)
  A fungus (D:4)
2 creatures vanquished.

Grand Total: 81 creatures vanquished

Notes
Turn   | Place    | Note
-------+----------+-------------------------------------------
     0 | D:1      | JeffiDaFish the Hill Orc Fighter began the quest for the Orb.
     0 | D:1      | Reached XP level 1. HP: 19/19 MP: 1/1
   159 | D:1      | Reached XP level 2. HP: 21/27 MP: 2/2
   753 | D:1      | Reached XP level 3. HP: 33/33 MP: 3/3
  1374 | D:2      | Reached XP level 4. HP: 29/40 MP: 4/4
  1936 | D:2      | Reached skill level 1 in Dodging
  2669 | D:3      | Reached XP level 5. HP: 47/47 MP: 5/5
  3476 | D:4      | Became a worshipper of Beogh the Brigand
  3616 | D:4      | HP: 1/47 [orc priest/divine providence (12)]
  3616 | D:4      | Slain by an orc priest

Vault maps used:
D:1:      shiori_arrival_oz
D:3:      first_bread, minmay_cut_off
D:4:      old_forge, uniq_natasha

Skill      XL: |  1  2  3  4  5 |
---------------+----------------+-----
Fighting       | 4 |  4.6
Armour         | 4 |  4.4
Dodging        | 1 |  1.2
Long Blades    | 3 |  3.1
Shields        | 4 |  4.1
Evocations     | |  0.6

Action                   |  1- 3 |  4- 6 || total
-------------------------+-------+-------++-------
Melee: Long sword        |   157 |   185 ||   342
Invok: Convert to Beogh  |       |     1 ||     1
  Use: Scroll            |     2 |     4 ||     6
       Potion            |     1 |     4 ||     5
  Eat: Chunk             |     2 |     2 ||     4
       Bread ration      |       |     2 ||     2
Armor: Scale mail        |   111 |    59 ||   170
Dodge: Dodged            |    71 |    71 ||   142
Block: Shield            |   102 |    86 ||   188
       Rpst.: Long sword |    17 |    21 ||    38
